 Dungeon Crawl Stone Soup version 0.26.1-11-gd32895ea62 (webtiles) character file.

Game seed: 14596735903963422806

674 bnorton916 the Shield-Bearer (level 7, -1/56 HPs)
             Began as a Formicid Fighter on June 28, 2021.
             Was an Initiate of Gozag.
             Killed from afar by an electric eel (12 damage)
             ... with a bolt of electricity
             ... on level 6 of the Dungeon.
             The game lasted 00:07:11 (5230 turns).

bnorton916 the Shield-Bearer (Formicid Fighter)     Turns: 5230, Time: 00:07:13

Health: -1/56      AC:  9    Str: 23    XL:     7   Next: 90%
Magic:  7/7        EV:  9    Int:  7    God:    Gozag
Gold:   250        SH:  5    Dex: 10    Spells: 6/6 levels left

rFire    . . .     SeeInvis +   m - +2 hand axe (vamp)
rCold    . . .     Faith    .   e - +0 buckler
rNeg     . . .     Spirit   .   b - +0 scale mail
rPois    .         Reflect  .   (helmet unavailable)
rElec    .         Harm     .   j - +0 cloak
rCorr    .         Rampage  .   (no gloves)
Will     .....                  f - +0 pair of boots
Stlth    ..........             (no amulet)
HPRegen  0.18/turn              g - ring of wizardry
MPRegen  0.10/turn              (no ring)

@: no status effects
A: permanent stasis, dig shafts and tunnels, four strong arms, antennae 3
a: Dig, Shaft Self, Renounce Religion, Potion Petition, Call Merchant, Bribe
Branch


You were on level 6 of the Dungeon.
You worshipped Gozag.
Gozag was aware of your devotion.
You visited 2 branches of the dungeon, and saw 7 of its levels.

You collected 356 gold pieces.
You paid 106 gold pieces to Gozag.

Inventory:

Hand Weapons
 a - a +0 war axe
 m - a +2 vampiric hand axe (weapon)
Armour
 b - a +0 scale mail (worn)
 c - a +0 kite shield
 e - a +0 buckler (worn)
 f - a +0 pair of boots (worn)
 j - a +0 cloak (worn)
 o - a +0 tower shield
 q - a +1 ring mail of fire resistance
Jewellery
 g - a ring of wizardry (left hand)
 t - an uncursed ring of fire {unknown}
Scrolls
 n - a scroll of fog
 r - a scroll of noise {unknown}
 s - a scroll of amnesia {unknown}
 u - a scroll of brand weapon {unknown}
 v - 2 scrolls of remove curse
Potions
 d - a potion of might
 h - 2 potions of cancellation
 i - a potion of flight
 k - 3 potions of curing
 l - 2 potions of attraction
 p - a potion of mutation


   Skills:
 + Level 5.5 Fighting
 + Level 4.4 Axes
 + Level 5.4 Armour
 + Level 6.0 Shields


You had 6 spell levels left.
You didn't know any spells.
Your spell library contained the following spells:

 Spells                   Type           Power        Failure   Level
 Corona                   Hex            0%           38%         1
 Ensorcelled Hibernation  Hex/Ice        0%           52%         2
 Confusing Touch          Hex            0%           75%         3
 Dazzling Flash           Conj/Hex       0%           75%         3
 Tukima's Dance           Hex            0%           75%         3


Dungeon Overview and Level Annotations

Branches:
Dungeon (6/15)             Temple (1/1) D:6

Altars:
Ashenzari
Cheibriados
Dithmenos
Elyvilon
Fedhas
Gozag
Hepliaklqana
Kikubaaqudgha
Makhleb
Nemelex Xobeh
Okawaru
Qazlal
Sif Muna
Trog
Uskayaw
Vehumet
Xom
Yredelemnul
Zin
The Shining One


Innate Abilities, Weirdness & Mutations

You cannot be hasted, slowed, berserked, paralysed or teleported.
You can dig through walls and to a lower floor.
Your four strong arms can wield two-handed weapons with a shield.
You have a pair of large antennae on your head. (SInv)


Message History

The jackal barks!
An electric eel comes into view.
You barely miss the electric eel.
The electric eel shoots out a bolt of lightning at you!
The bolt of electricity hits you!
You slash the electric eel!
You feel better.
The electric eel is heavily wounded.
The electric eel shoots out a bolt of lightning at you!
The bolt of electricity hits you!
The electric eel shoots out a bolt of lightning at you!
The bolt of electricity hits you.
You barely miss the electric eel.
The electric eel is heavily wounded.
The electric eel shoots out a bolt of lightning at you!
The bolt of electricity hits you!
* * * LOW HITPOINT WARNING * * *
The electric eel shoots out a bolt of lightning at you!
The bolt of electricity hits you!
You die...
Your body crumbles into a pile of gold.

..# #.# #.# ##....
..###.# #.# #≈≈≈≈;≈
##### #.....# #.#
##≈≈≈≈≈≈≈ #
###.#######.# ##≈≈≈≈≈;≈≈
#
##........#.###≈≈≈≈≈≈≈≈≈
#
8.#######.#.##≈≈≈≈≈≈≈≈≈≈
# .## #......#≈≈≈≈≈≈≈≈≈≈
# .8# #...##.#≈≈;≈≈≈≈♣..
# .## #...##.'..@h...$#
# 8# #...##.'......o.# #
.## #...####≈≈≈≈≈≈≈♣..
.8# #...# #≈≈≈≈≈≈≈≈≈≈
.######...####≈≈≈≈≈≈≈≈≈≈
8.##........###≈≈≈≈≈≈≈≈≈
##.#........# ##≈≈≈≈≈≈≈≈
###......<..# ##≈≈≈≈≈≈≈
# ##........#


You could see an orc warrior, 3 electric eels and a jackal.

Vanquished Creatures
  Prince Ribbit (D:5)
  2 bullfrogs (D:6)
  An orc wizard (D:3)
  Crazy Yiuf (D:5)
  A centaur skeleton (D:6)
  A gnoll shaman (D:5)
  An iguana (D:6)
  A worker ant (D:5)
  A hound skeleton (D:5)
  4 gnolls (D:5)
  2 adders (D:2)
  A shadow imp (D:5)
  2 white imps
  2 ufetubi
  An ooze (D:1)
  An adder skeleton (D:4)
  A worm (D:2)
  A dart slug (D:1)
  4 leopard geckos
  9 orcs
  7 bats
  7 giant cockroaches
  3 goblins
  3 hobgoblins
  5 jackals
  3 quokkas
  2 ball pythons
  A frilled lizard (D:3)
  3 kobolds
  A leopard gecko zombie (D:5)
  A quokka zombie (D:6)
  9 rats
83 creatures vanquished.

Vanquished Creatures (others)
  5 plants (D:1)
5 creatures vanquished.

Grand Total: 88 creatures vanquished

Notes
Turn   | Place    | Note
-------+----------+-------------------------------------------
     0 | D:1      | bnorton916 the Formicid Fighter began the quest for the
                  | Orb.
     0 | D:1      | Reached XP level 1. HP: 18/18 MP: 1/1
    56 | D:1      | Reached XP level 2. HP: 18/24 MP: 2/2
   227 | D:1      | Reached XP level 3. HP: 27/29 MP: 3/3
   250 | D:1      | Reached skill level 4 in Shields
  1302 | D:2      | Found a burning altar of Makhleb.
  1327 | D:2      | Reached XP level 4. HP: 28/37 MP: 4/4
  1903 | D:3      | Reached XP level 5. HP: 33/42 MP: 5/5
  2603 | D:4      | Found a white marble altar of Elyvilon.
  3051 | D:5      | Entered Level 5 of the Dungeon
  3270 | D:5      | Noticed Prince Ribbit
  3286 | D:5      | Killed Prince Ribbit
  3287 | D:5      | Reached skill level 5 in Shields
  3287 | D:5      | Reached XP level 6. HP: 31/50 MP: 6/6
  3294 | D:5      | Reached XP level 7. HP: 32/55 MP: 7/7
  3311 | D:5      | Reached skill level 5 in Fighting
  3654 | D:5      | Reached skill level 5 in Armour
  3794 | D:5      | Found a runed translucent door.
  3795 | D:5      | Noticed Crazy Yiuf
  3803 | D:5      | Killed Crazy Yiuf
  3809 | D:5      | Got a transparent mace
  3940 | D:5      | Identified the +5 mace of Blood-Lust {antimagic, +Rage +Inv
                  | rPois Str-5} (You found it on level 5 of the Dungeon)
  4391 | D:6      | Found a staircase to the Ecumenical Temple.
  4400 | Temple   | Entered the Ecumenical Temple
  4638 | Temple   | Became a worshipper of Gozag Ym Sagoz the Greedy
  4706 | D:6      | Found a stormy altar of Qazlal.
  4720 | D:6      | Found a blossoming altar of Fedhas.
  4845 | D:6      | Found a basalt altar of Yredelemnul.
  4853 | D:6      | Found a shimmering blue altar of Sif Muna.
  5036 | D:6      | Found an ancient bone altar of Kikubaaqudgha.
  5057 | D:6      | Reached skill level 6 in Shields
  5230 | D:6      | Killed from afar by an electric eel

Illustrated notes

Levels and vault maps discovered:
D:1:      grunt_arrival_crossed_arrows, layout_loops_ring, serial_bayou_ford_a,
          minmay_liquid_box
D:2:      layout_loops_ring, lemuel_round_altar, kennysheep_generic_room_10
D:3:      layout_basic
D:4:      layout_loops_ring, elyvilon_altar_3
D:5:      layout_basic, uniq_prince_ribbit1, uniq_crazy_yiuf_cottage
D:6:      kennysheep_big_flooded_room, layout_basic,
          nicolae_overflow_hidden_temple, nicolae_overflow_quartered_altars,
          minmay_temple_entry_statues_pillars, okawaru_metal_pillars_1_2
Temple:   eino_temple_water

Skill      XL: |  1  2  3  4  5  6  7 |
---------------+----------------------+-----
Shields        | 4 5 6 |  6.0
Fighting       | 4 5 |  5.5
Armour         | 4 5 |  5.4
Axes           | 3 4 |  4.4

Action                   |  1- 3 |  4- 6 |  7- 9 || total
-------------------------+-------+-------+-------++-------
Melee: War axe           |    89 |    36 |       ||   125
       Hand axe          |       |    86 |    97 ||   183
 Abil: Dig               |       |     1 |    14 ||    15
  Use: Scroll            |       |     6 |     4 ||    10
Armor: Scale mail        |    33 |    55 |    37 ||   125
Dodge: Dodged            |    41 |    45 |    40 ||   126
Block: Kite shield       |    56 |    18 |       ||    74
       Buckler           |       |    23 |    19 ||    42
